[Event "*** Titled Tuesday Blitz"]
[Site "Chess.com"]
[Date "2019.08.06"]
[Round "9"]
[White "jposthuma"]
[Black "aleccable"]
[Result "0-1"]
[WhiteElo "2416"]
[BlackElo "2329"]
[TimeControl "180+2"]
[EndTime "15:09:54 PDT"]
[Termination "aleccable won by resignation"]

1. d4 b6 2. e4 Bb7 3. Bd3 e6 4. Nd2 c5 5. c3 Nc6 6. Ne2 Nf6 7. O-O Be7 8. f4 O-O 9. e5 Nd5 10. Ne4 f5 11. exf6 Nxf6 12. dxc5 bxc5 13. Be3 Nxe4 14. Bxe4 d5 15. Bf3 Ba6 16. Qa4 Qb6 17. b4 Bb5 18.
Qd1 Rac8 19. a4 Bc4 20. a5 Qb5 21. bxc5 Bxc5 22. Nd4 Bxd4 23. cxd4 Bxf1 24. Qxf1 Qxf1+ 25. Rxf1 Nxa5 26. Ra1 Nc4 27. Bc1 a5 28. Bg4 Kf7 29. Kf2 Rb8 30. Ke2 Rb3 31. f5 exf5 32. Bxf5 Rfb8 33.
Bc2 Rc3 34. Ba4 Rb4 35. Bc6 Ke6 36. Kf2 Rcb3 37. Bf4 Rb1 38. Rxb1 Rxb1 39. Ke2 Rb2+ 40. Kf3 Rb6 41. Ba4 Rb4 42. Bd1 a4 43. Ke2 a3 44. Kd3 a2 45. Bg4+ Kf7 46. Kc3 a1=Q+ 47. Kxb4 Qxd4 48. Bg3 Qxg4 49. Kc5 Ne3 50. Bf2 Qc4+ 51. Kd6 Nxg2 52. Ke5 Qe4+ 53. Kd6 Qf4+ 0-1

[Event "*** Titled Tuesday Blitz"]
[Site "Chess.com"]
[Date "2019.08.06"]
[Round "9"]
[White "nocnypako"]
[Black "Heineccius"]
[Result "1-0"]
[WhiteElo "2589"]
[BlackElo "2542"]
[TimeControl "180+2"]
[EndTime "15:09:56 PDT"]
[Termination "nocnypako won on time"]

1. d4 Nf6 2. c4 e6 3. Nc3 Bb4 4. e3 d5 5. a3 Be7 6. Nf3 b6 7. cxd5 Nxd5 8. Bd3 O-O 9. O-O Bb7 10. Bd2 c5 11.
Qe2 cxd4 12. Nxd4 Bf6 13. Rfd1 Bxd4 14. exd4 Nc6 15. Nxd5 Qxd5 16. Bc3 Ne5 17. Be4 Qxe4 18. Qxe4 Bxe4 19. dxe5 Bd5 20. f3 Rfc8 21. Kf2 a5 22. Ke3 Rc4 23. Rd4 Rac8 24. Rad1 Kf8 25. g4 h6 26. f4 Rxd4 27. Rxd4 Ke7 28. f5 Rc4 29. Rxc4 Bxc4 30. Bd4 b5 31. Bc5+ Ke8 32. Kf4 Be2 33. h4 h5 34. gxh5 exf5 35. Kg5 f4 36. h6 gxh6+ 37. Kxh6 Kd7 38. Kg5 f3 39. h5 Ke6 40. h6 Bd3 41. Kf4 Kd5 42. Bb6 a4 43. Bc7 Kc4 44. Kxf3 Kb3 45. Ke3 Bb1 46. Bd6 Kxb2 47. Kf4 Kc3 48. Kg5 Kd4 49. Kf6 Be4 50. Kxf7 b4 51. e6 b3 52. Bf8 1-0

[Event "*** Titled Tuesday Blitz"]
[Site "Chess.com"]
[Date "2019.08.06"]
[Round "9"]
[White "chickencrossroad"]
[Black "Kawhi_Leonard2"]
[Result "1/2-1/2"]
[WhiteElo "2483"]
[BlackElo "2363"]
[TimeControl "180+2"]
[EndTime "15:10:07 PDT"]
[Termination "Game drawn - insufficient material"]

1. d4 Nf6 2. c4 c5 3. d5 e6 4. Nc3 exd5 5. cxd5 d6 6. Nf3 g6 7. Nd2 Bg7 8. e4 O-O 9. Be2 Re8 10. O-O Nbd7 11.
Nc4 Nxe4 12. Nxe4 Rxe4 13. Nxd6 Rd4 14. Qb3 Nb6 15. Nxc8 Rxc8 16. Be3 Rxd5 17. Bf3 Rd7 18. a4 c4 19. Qb5 Nd5 20. Bxd5 Rxd5 21. Qxb7 a5 22. Bf4 Qd7 23. Qxd7 Rxd7 24. Ra2 Rb7 25. Bc1 Rcb8 26. Re1 Bxb2 27. Bxb2 Rxb2 28. Rxb2 Rxb2 29. Rc1 Rb4 30. Ra1 c3 31. Kf1 Rb2 32. Rc1 c2 33.
Ke2 Ra2 34. Kd3 Rxa4 35. Rxc2 Kg7 36. Rc6 Ra2 37. Ke3 a4 38. Ra6 h5 39. h4 Kf8 40.
Ra7 Ra1 41. Kf4 a3 42. Kg5 Kg7 43. Kf4 Kf6 44. Ra6+ Ke7 45. Ra7+ Ke6 46. Ra5 Kd6 47. Kg3 Kc6 48. Ra7 Kc5 49. Rxf7 Rb1 50. Ra7 Rb3+ 51.
Kf4 Kb4 52. Kg5 Rb2 53. Kxg6 Rxf2 54. Kxh5 Rxg2 55. Kh6 a2 56. h5 Kb3 57. Kh7 Rg1 58.
h6 a1=Q 59. Rxa1 Rxa1 60. Kg8 Rg1+ 61. Kf7 Rh1 62. Kg7 Rxh6 63. Kxh6 1/2-1/2

[Event "*** Titled Tuesday Blitz"]
[Site "Chess.com"]
[Date "2019.08.06"]
[Round "9"]
[White "ChessQueen"]
[Black "DenishevM"]
[Result "0-1"]
[WhiteElo "2620"]
[BlackElo "2508"]
[TimeControl "180+2"]
[EndTime "15:10:08 PDT"]
[Termination "DenishevM won by resignation"]

1. e4 c5 2. c3 Nf6 3. e5 Nd5 4. d4 cxd4 5. Nf3 Nc6 6. cxd4 e6 7. Bc4 d6 8. O-O Be7 9. Qe2 O-O 10. Nc3 Nxc3 11. bxc3 b6 12. Bd3 Bb7 13. Rd1 dxe5 14. dxe5 Qc7 15. h4 Rad8 16. Bf4 Na5 17. Rac1 Rd7 18.
Nd4 a6 19. Qh5 g6 20. Qg4 Nc6 21. h5 Nxe5 22. Qg3 Bd6 23. hxg6 Nxg6 24. Bxd6 Qxd6 25.
Qh3 Qd5 26. Bc2 Qe5 27. Re1 Qf6 28. Re3 Rc8 29. Qh5 Rc5 30. Qh6 Qg5 31. Qxg5 Rxg5 32.
f3 Rc5 33. Bxg6 hxg6 34. Nb3 Rc4 35. Kf2 b5 36. Rce1 Bd5 37. Na5 Rc8 38. R1e2 Rdc7 39. Rc2 Kg7 40. a3 Rc5 41. g4 Rh8 42. Kg3 Rc7 43.
Kf4 Rh1 44. Rd2 Rc1 45. Rdd3 Ra1 46. c4 bxc4 47. Rc3 Rb1 48. a4 Rb4 49. Ke5 Rxa4 50. Nb3 cxb3 51. Rxc7 b2 52. Rb7 Bxb7 53. Rb3 Ra5+ 0-1

[Event "*** Titled Tuesday Blitz"]
[Site "Chess.com"]
[Date "2019.08.06"]
[Round "9"]
[White "Pechen_Yeltsina"]
[Black "Orest_Vovk"]
[Result "1-0"]
[WhiteElo "2659"]
[BlackElo "2238"]
[TimeControl "180+2"]
[EndTime "15:10:13 PDT"]
[Termination "Pechen_Yeltsina won by resignation"]

1. e4 g5 2. d4 Bg7 3. c3 h6 4. Bd3 d5 5. e5 c5 6. Ne2 Nc6 7. h4 Qb6 8. hxg5 hxg5 9. Rxh8 Bxh8 10. b3 cxd4 11. cxd4 Bg4 12. f3 Bd7 13. Bb2 Nb4 14. Nbc3 e6 15. Rc1 Ne7 16. Bb1 f6 17. exf6 Bxf6 18.
a3 Nbc6 19. Na4 Qc7 20. b4 Qh2 21. Kf2 g4 22. Qh1 Bh4+ 23. Ke3 Bg5+ 24. f4 Qxh1 25. Rxh1 Bf6 26. Nc5 b6 27. Nxd7 Kxd7 28. Rh6 Rf8 29.
Rh7 Kd6 30. Bc3 b5 31. Bd3 a6 32. Ng3 Re8 33. Nh5 Nf5+ 34. Bxf5 exf5+ 35. Kd3 Re6 36.
Rh6 Be7 37. Ng7 Rxh6 38. Nxf5+ Ke6 39. Nxh6 Bd6 40. g3 Ne7 41. Nxg4 Nf5 42. Be1 Bf8 43. Ne3 Bg7 44. Nc2 Nh6 45. Ke3 Ng4+ 46. Kf3 Kf5 47. Bf2 Nh2+ 48. Kg2 Ng4 49. Bg1 Ke4 50. Kh3 Nh6 51.
Kh4 Nf5+ 52. Kg4 Nxd4 53. Nxd4 Bxd4 54. Bxd4 Kxd4 55. f5 Ke5 56. Kg5 d4 57. f6 Ke6 58.
Kg6 d3 59. f7 d2 60. f8=Q 1-0

[Event "*** Titled Tuesday Blitz"]
[Site "Chess.com"]
[Date "2019.08.06"]
[Round "9"]
[White "BoboHead"]
[Black "eCztery"]
[Result "0-1"]
[WhiteElo "2163"]
[BlackElo "2156"]
[TimeControl "180+2"]
[EndTime "15:10:14 PDT"]
[Termination "eCztery won by resignation"]

1. e4 e5 2. Nf3 d6 3. d4 Nd7 4.
Nc3 Ngf6 5. Bc4 Be7 6. O-O c6 7. a4 h6 8. Re1 Qc7 9. h3 Nf8 10.
dxe5 dxe5 11. Qe2 g5 12. Nh2 Ne6 13. Bxe6 Bxe6 14. Be3 Rg8 15. Kh1 g4 16. h4 g3 17.
fxg3 Rxg3 18. Rad1 Ng4 19. Bf2 Nxf2+ 20. Qxf2 Bxh4 21.
Nf3 Rxf3 22. Qxf3 Bxe1 23. Rxe1 O-O-O 24. Rd1 Qe7 25. Rxd8+ Qxd8 26. Qe3 Qd4 27. Qxh6 Kc7 28. Kh2 Qf2 29. Qg5 f6 30. Qg7+ Bd7 31. Qg3 Qxc2 32. b4 Qd2 33. b5 Qh6+ 34. Kg1 Qg5 35. Qd3 Be6 36. bxc6 bxc6 37. Ne2 f5 38. Qa6 Qe3+ 39. Kh2 fxe4 40. Ng3 Bd5 41. Qa5+ Qb6 42. Qc3 Qd4 43.
Qa5+ Kd7 44. Nf5 Qb6 45. Qc3 Qc7 46. Qc5 Ke6 47. Qf8 Qh7+ 48. Nh6 e3 49. Kg1 e2 50. Qe8+ Kf6 51. Ng4+ Kg5 52. Qxe5+ Kxg4 53. Qxe2+ Kg5 54. Qe3+ Kf6 55. Qd4+ Kg6 56. Qd3+ Kg7 57. Qd4+ Kg8 58. Qg4+ Qg7 59. Qc8+ Kh7 60. Qh3+ Qh6 61.
Qd7+ Kg6 62. Qg4+ Qg5 63. Qd7 0-1

[Event "*** Titled Tuesday Blitz"]
[Site "Chess.com"]
[Date "2019.08.06"]
[Round "9"]
[White "FrenchMonster2002"]
[Black "EugeneRougon"]
[Result "1-0"]
[WhiteElo "2535"]
[BlackElo "2630"]
[TimeControl "180+2"]
[EndTime "15:10:14 PDT"]
[Termination "FrenchMonster2002 won by checkmate"]

1. e4 d6 2. d4 Nf6 3. Nc3 g6 4. f4 Bg7 5. Nf3 O-O 6. Bd3 Nc6 7. e5 dxe5 8. fxe5 Nh5 9. Be2 Bg4 10. Be3 f6 11. h3 Bxf3 12. Bxf3 Ng3 13. Rg1 fxe5 14. d5 Nd4 15. Bxd4 exd4 16. Ne2 Qd6 17. Qd2 Nxe2 18.
Qxe2 Qg3+ 19. Kd1 Bh6 20. Re1 Be3 21. c3 Qf4 22. Kc2 c5 23. dxc6 bxc6 24. cxd4 Bxd4 25.
Qc4+ Kh8 26. Re4 Qg3 27. Qxd4+ Kg8 28. Rxe7 Rf7 29. Rae1 Raf8 30. Rxf7 Kxf7 31. Qxa7+ Kg8 32. Re7 Qh4 33. Qc5 Rf5 34. Re5 Rf8 35. Re4 Qf6 36.
Qc4+ Kg7 37. Qd4 c5 38. Qxf6+ Rxf6 39. Rc4 Rf5 40. a4 Kf6 41. a5 Ke7 42. a6 Rf6 43. a7 Ra6 44. a8=Q Rxa8 45. Bxa8 Kd6 46. Bf3 h5 47.
Kd3 h4 48. Rxh4 g5 49. Rh5 Ke5 50. Rxg5+ Kf4 51. Rxc5 Kg3 52. Rg5+ Kf4 53. Rg4+ Ke5 54. h4 Kd6 55. h5 Kc5 56. h6 Kb5 57. h7 Kb6 58.
h8=Q Kc7 59. Qh7+ Kd6 60. Qh6+ Ke5 61. Qh5+ Ke6 62. Rg6+ Kf7 63. Qh7+ Kf8 64. Rg8# 1-0

[Event "*** Titled Tuesday Blitz"]
[Site "Chess.com"]
[Date "2019.08.06"]
[Round "9"]
[White "stoleriu"]
[Black "Zubrrr"]
[Result "1-0"]
[WhiteElo "2521"]
[BlackElo "2690"]
[TimeControl "180+2"]
[EndTime "15:10:30 PDT"]
[Termination "stoleriu won by resignation"]

1. e4 c5 2. Nc3 d6 3. f4 g6 4. Nf3 Bg7 5. Bb5+ Bd7 6. Bc4 Nc6 7. O-O Nd4 8. Nxd4 cxd4 9. Ne2 Bc6 10. d3 d5 11. exd5 Bxd5 12. Bb5+ Kf8 13. f5 Bxg2 14. Rf2 Bh3 15. fxg6 hxg6 16. Nf4 Bf5 17. Qg4 Nf6 18. Qg2 e5 19. Ne2 Qd5 20. Qxd5 Nxd5 21.
Bc4 Be6 22. Bd2 f5 23. c3 dxc3 24. Nxc3 Rd8 25. Ne4 Nc7 26. Bb4+ Kg8 27. Be7 Re8 28. Bxe6+ Nxe6 29. Nf6+ Bxf6 30. Bxf6 Rh3 31. Bxe5 Rxd3 32.
Rg2 Kf7 33. Rc1 Red8 34. Rgc2 Rd1+ 35. Rxd1 Rxd1+ 36. Kg2 g5 37. b4 Kg6 38. b5 Rd5 39. Bb8 Rxb5 40. Bxa7 f4 41. h3 Kf5 42. Bf2 Ra5 43.
Rb2 Ke4 44. Rb4+ Ke5 45. a4 Kf5 46. Kf3 Ra6 47. Rb5+ Kg6 48. a5 Kf6 49. Bb6 Ra8 50. Kg4 Rg8 51. Bf2 Rg7 52. Rb6 Rh7 53. Bd4+ Kf7 54.
Rxb7+ Kg6 55. Rxh7 Nxd4 56. Rd7 Nf5 57. a6 Ne3+ 58.
Kf3 Nc4 59. Rc7 Nd2+ 60. Ke2 Ne4 61. a7 1-0

[Event "*** Titled Tuesday Blitz"]
[Site "Chess.com"]
[Date "2019.08.06"]
[Round "9"]
[White "DiogenesSinopeus"]
[Black "santosalberto1987"]
[Result "0-1"]
[WhiteElo "2367"]
[BlackElo "2456"]
[TimeControl "180+2"]
[EndTime "15:10:32 PDT"]
[Termination "santosalberto1987 won by resignation"]

1. d4 d5 2. c4 c6 3. Nc3 Nf6 4. e3 a6 5. Nf3 Bf5 6. Ne5 Nbd7 7. Qb3 Rb8 8. cxd5 Nxe5 9. dxe5 Nxd5 10. Nxd5 cxd5 11.
Bd2 e6 12. Rc1 Be7 13. Qa4+ Qd7 14. Qa5 Rc8 15. Rxc8+ Qxc8 16. Be2 Qd8 17. Qxd8+ Kxd8 18. Ba5+ Kd7 19. Kd2 Rc8 20. Rc1 Rxc1 21. Kxc1 Kc6 22. Kd2 g5 23. Kc3 Bf8 24. Bb4 Bg7 25. f4 Be4 26. g3 f6 27. exf6 Bxf6+ 28. Kb3 Bf5 29.
Bc3 Be7 30. Be5 gxf4 31. exf4 Bc5 32. Kc3 Bg1 33. h4 Be4 34. g4 a5 35. h5 Kc5 36. g5 d4+ 37. Kd2 Be3+ 38. Kd1 d3 39.
Bg4 Kd5 40. Bc3 a4 41. Bd2 Bd4 42. b3 a3 43. h6 Bf5 44. Bxf5 exf5 45. Bb4 Bb2 46.
Kd2 Ke4 47. g6 hxg6 48. Bc3 Bxc3+ 49. Kxc3 Ke3 50. h7 d2 51. h8=Q d1=Q 52. Qe5+ Kf3 53. Kb4 Qc1 54. Qf6 Qxf4+ 55. Kxa3 g5 56. Qg7 g4 57.
Qxb7+ Qe4 58. Qh7 g3 59. Qh1+ Kg4 60. Qg1 f4 61. b4 f3 62. b5 f2 63. Qd1+ Qf3+ 0-1

[Event "*** Titled Tuesday Blitz"]
[Site "Chess.com"]
[Date "2019.08.06"]
[Round "9"]
[White "ama18"]
[Black "VladDobrov"]
[Result "0-1"]
[WhiteElo "2487"]
[BlackElo "2961"]
[TimeControl "180+2"]
[EndTime "15:10:36 PDT"]
[Termination "VladDobrov won by checkmate"]

1. d4 Nf6 2. c4 e6 3. Nf3 c5 4.
d5 exd5 5. cxd5 Bd6 6. Nc3 Bc7 7. g3 d6 8. Bg2 a6 9. a4 O-O 10. O-O Re8 11. Nd2 Nbd7 12. Nc4 Rb8 13. a5 Ne5 14. Nxe5 Rxe5 15. Bf4 Re8 16. e4 Bd7 17. Re1 Ng4 18. Qb1 Ne5 19. b4 cxb4 20. Bxe5 dxe5 21. Qxb4 Qf6 22.
Na4 Bxa4 23. Qxa4 b5 24. Qc2 Bd6 25. Rec1 h5 26. Qc6 Ra8 27. h4 Qe7 28. Rc2 g6 29. Rac1 Kg7 30. Bh3 Reb8 31. Qc3 b4 32.
Qb3 Rb5 33. Ra2 Bc5 34. Rc4 Rab8 35. Kg2 Qd6 36. Rc1 Qd8 37. Kg1 Rxa5 38. Rxa5 Qxa5 39.
Bf1 Qb6 40. Rc2 a5 41. Kg2 Qa7 42. Ra2 Bd6 43. Bc4 Rc8 44. f3 Qd4 45. Be2 Bc5 46. Qd1 b3 47. Rd2 Qb4 48. d6 Bxd6 49. Rxd6 b2 50.
Rd7 b1=Q 51. Rxf7+ Kxf7 52. Qd7+ Qe7 53. Qxc8 Qb2 54.
Kf1 Kg7 55. Bc4 Qf8 56. Qd7+ Kh8 57. Be2 Qd4 58. Qc6 Qf7 59. Qa8+ Kg7 60. Qxa5 Qfa7 61. Qxa7+ Qxa7 62. f4 Kf6 63. fxe5+ Kxe5 64. Kg2 Qe3 65. Kh3 Qxe2 66. g4 Qxg4+ 67. Kh2 Kxe4 68. Kh1 Kf3 69. Kh2 Qg2# 0-1

[Event "*** Titled Tuesday Blitz"]
[Site "Chess.com"]
[Date "2019.08.06"]
[Round "9"]
[White "Vnebo"]
[Black "GelmanAlexander"]
[Result "1-0"]
[WhiteElo "2699"]
[BlackElo "2577"]
[TimeControl "180+2"]
[EndTime "15:10:37 PDT"]
[Termination "Vnebo won by resignation"]

1. e4 c5 2. Nf3 e6 3. g3 Nc6 4.
Bg2 Nf6 5. Qe2 d6 6. O-O Be7 7.
c3 O-O 8. Rd1 a6 9. d4 d5 10. e5 Nd7 11. h4 b5 12. Bg5 b4 13. c4 Bxg5 14. cxd5 exd5 15. Nxg5 Nxd4 16. Rxd4 cxd4 17. Bxd5 Nb6 18. Bxa8 h6 19. Be4 hxg5 20. Qh5 g6 21. Qxg5 Nc4 22. b3 Qxg5 23. hxg5 Nxe5 24. Nd2 Be6 25. Rc1 a5 26. Rc5 Nd7 27. Rxa5 Rc8 28. Ra8 Rxa8 29. Bxa8 Nc5 30. Be4 Kf8 31. Kf1 Ke7 32. Ke2 Kd6 33. Bd3 Bd5 34. f3 Ke5 35.
Bc4 Bc6 36. Bxf7 Bb5+ 37. Bc4 Bxc4+ 38. Nxc4+ Kf5 39. Nd6+ Kxg5 40. Nb5 Ne6 41. Kd3 Kf6 42. Nxd4 Ng5 43. Kc4 Nh3 44. Kxb4 Ke5 45. Kc5 Nf2 46.
Nc6+ Ke6 47. a4 Nd3+ 48. Kd4 Nc1 49. b4 Kd6 50. Ne5 Nb3+ 51. Kc3 Nc1 52. Nxg6 Ne2+ 53. Kc4 Nxg3 54. a5 Nf5 55. b5 Ne3+ 56. Kd4 Nc2+ 57. Kc3 Na3 58. Kb4 Nc2+ 59. Ka4 Kc5 60. Ne5 Nd4 61. Nd3+ Kc4 62. Nb2+ Kc5 63. Nd3+ Kc4 64. b6 Kxd3 65. a6 Kc4 66. a7 1-0

[Event "*** Titled Tuesday Blitz"]
[Site "Chess.com"]
[Date "2019.08.06"]
[Round "9"]
[White "WarlordX"]
[Black "valeriocarnicelli"]
[Result "0-1"]
[WhiteElo "2503"]
[BlackElo "2443"]
[TimeControl "180+2"]
[EndTime "15:10:48 PDT"]
[Termination "valeriocarnicelli won by checkmate"]

1. d4 d5 2. c4 c6 3. Nf3 Nf6 4. g3 dxc4 5. a4 b5 6. Bg2 Bb7 7. O-O Nbd7 8. Nc3 a6 9. e4 e6 10. Re1 Be7 11. Bg5 h6 12. Bf4 Qb6 13. Be3 Qd8 14.
b3 cxb3 15. Qxb3 O-O 16. Rad1 b4 17. e5 Nd5 18. Ne4 a5 19. g4 Ba6 20. g5 N7b6 21. gxh6 g6 22. Bg5 Bc4 23. Qc2 b3 24. Qc1 Rb8 25. Nc5 b2 26. Qd2 Bxg5 27. Nxg5 Nc3 28.
Qxc3 Qxg5 29. Qxb2 Nxa4 30. Qa3 Nxc5 31. dxc5 Rb3 32.
Qxa5 Bd5 33. Rxd5 exd5 34. Qa4 Rc3 35. Qxc6 Rc1 36. Rxc1 Qxc1+ 37. Bf1 Qg5+ 38. Bg2 Qxe5 39. Qxd5 Qxd5 40. Bxd5 Rd8 41. Be4 Rd4 42. f3 Rc4 43. c6 Kh7 44. Kf2 f5 45. Bd5 Rc5 46. Bf7 Rxc6 47.
Kg3 Kxh6 48. Be8 Rc4 49. h4 Kh5 50. Bf7 Rd4 51. Be8 Rd8 52. Bf7 Rd7 53. Be8 Re7 54. Bb5 Rc7 55. Be8 Ra7 56. Bb5 Rb7 57. Bc6 Rb4 58.
Be8 f4+ 59. Kh3 Rb3 60. Bc6 Rc3 61. Be4 Rc1 62. Kg2 Rd1 63. Kh2 Kxh4 64. Bxg6 Rd2+ 65. Kg1 Kg3 66. Be4 Rd1# 0-1

[Event "*** Titled Tuesday Blitz"]
[Site "Chess.com"]
[Date "2019.08.06"]
[Round "9"]
[White "HomayoonTofighi"]
[Black "Firouzja2003"]
[Result "1-0"]
[WhiteElo "2886"]
[BlackElo "3003"]
[TimeControl "180+2"]
[EndTime "15:10:49 PDT"]
[Termination "HomayoonTofighi won on time"]

1. d4 Nf6 2. Nf3 g6 3. g3 Bg7 4.
Bg2 O-O 5. O-O d5 6. c4 Nc6 7.
cxd5 Nxd5 8. e4 Nb6 9. d5 Na5 10. Re1 c6 11. Nc3 Nac4 12. dxc6 bxc6 13. Qc2 Bg4 14. h3 Bxf3 15. Bxf3 Qd7 16. Bg2 Rfd8 17. h4 a5 18. Bf4 Qd3 19. Rac1 Qxc2 20. Rxc2 Be5 21. Bxe5 Nxe5 22. Rec1 a4 23. Bf1 Rd4 24. f4 Ng4 25. Rd1 Rad8 26. Be2 Ne3 27. Rxd4 Rxd4 28.
Rc1 Rd2 29. Kf2 Nec4 30. Nxa4 Nxa4 31. Rxc4 Nxb2 32. Rxc6 Na4 33. Ke3 Rxa2 34. Ra6 Nc3 35. Rxa2 Nxa2 36. Kd2 Kg7 37. Bc4 Nb4 38. Bb5 f5 39.
Kc3 Na2+ 40. Kb3 Nc1+ 41. Kc2 fxe4 42. Kxc1 Kf6 43. Kd2 e5 44. Ke3 exf4+ 45. Kxf4 h6 46. Kxe4 g5 47. h5 g4 48. Kf4 Ke6 49. Kxg4 Kf6 50.
Kf4 Ke6 51. Bd3 Kf6 52. Bf5 Ke7 53. Ke5 Kf7 54. Bg6+ Ke7 55. Kf5 Kd8 56. Kf6 Kc7 57.
Bf7 Kc6 58. g4 Kc5 59. g5 Kd4 60. g6 Ke3 61. g7 Kf3 62. g8=Q Kf2 63. Qg7 Ke1 64.
Qxh6 Ke2 65. Qg6 Kf3 66. h6 Kf4 67. h7 Kf3 68. h8=Q Kf2 69. Qhg7 Kf3 70. Qf8 Ke3 71.
Qe7+ Kd2 72. Qg2+ Kc3 73. Qe3+ Kb4 74. Qb2+ 1-0

[Event "*** Titled Tuesday Blitz"]
[Site "Chess.com"]
[Date "2019.08.06"]
[Round "9"]
[White "vlad_Sid"]
[Black "2nd_life"]
[Result "0-1"]
[WhiteElo "2583"]
[BlackElo "2459"]
[TimeControl "180+2"]
[EndTime "15:10:51 PDT"]
[Termination "2nd_life won by resignation"]

1. c4 e5 2. g3 c6 3. Nf3 e4 4. Nd4 d5 5. d3 Nf6 6. Nc3 exd3 7. Qxd3 c5 8. Nf3 d4 9. Ne4 Bf5 10. Nd6+ Bxd6 11. Qxf5 O-O 12. Bg2 Re8 13. Bg5 Nbd7 14. Qd3 Qa5+ 15. Bd2 Qb6 16. O-O Ne4 17. b3 a5 18. Ne5 Nxe5 19. Qxe4 Nxc4 20. Qd3 Nxd2 21. Qxd2 Re7 22. Bf3 Be5 23. Rac1 g6 24. Bd5 Rd8 25.
Bc4 Qb4 26. Qg5 Rdd7 27. a4 Kg7 28. f4 Bf6 29. Qg4 h5 30. Qf3 Re3 31. Qf2 Rde7 32.
f5 g5 33. Rcd1 Qb6 34. Qg2 Qd6 35. Rf3 b6 36. Rdf1 Qe5 37. Rxe3 Qxe3+ 38. Rf2 g4 39. Kh1 Re5 40. Rf1 Qe4 41. Qxe4 Rxe4 42. Kg2 Re3 43. h3 Be5 44. hxg4 hxg4 45. f6+ Kg6 46. Bd3+ Rxd3 47. exd3 Bxf6 48. Rf4 Bg5 49. Re4 Kf5 50. Re8 Bd2 51.
Kf2 Bb4 52. Rb8 Kg5 53. Rxb6 f5 54. Rb8 Kh5 55. Rg8 Kh6 56. Kg2 Kh5 57. Rf8 Kg6 58. Kf2 c4 59. Rg8+ Kf7 60. Rc8 cxb3 61. Rc1 b2 62. Rb1 Bc3 63. Ke2 Ke6 64. Kd1 Ke5 65. Kc2 f4 66. Re1+ Bxe1 0-1

[Event "*** Titled Tuesday Blitz"]
[Site "Chess.com"]
[Date "2019.08.06"]
[Round "9"]
[White "GianmarcoVaR"]
[Black "Ravan_02"]
[Result "1/2-1/2"]
[WhiteElo "2572"]
[BlackElo "2608"]
[TimeControl "180+2"]
[EndTime "15:10:54 PDT"]
[Termination "Game drawn by repetition"]

1. d4 Nf6 2. Nf3 g6 3. g3 Bg7 4. Bg2 O-O 5. O-O d6 6. c4 c6 7. Nc3 Bf5 8. Re1 Ne4 9. Qb3 Nxc3 10. bxc3 b6 11. a4 Be4 12. a5 Nd7 13. a6 c5 14. d5 Rb8 15. Bf4 Nf6 16. Bh3 b5 17. Nd2 bxc4 18. Qxc4 Bxd5 19. Qd3 Ba8 20. e4 Nd7 21.
Nc4 Nb6 22. Na5 Qc7 23. Qd2 Rfd8 24. Ra2 e5 25. Bg5 Re8 26. c4 Nd7 27. Nb7 Bxb7 28. axb7 Rxb7 29. Rd1 Nf8 30. Qxd6 Qxd6 31. Rxd6 Rb4 32.
Rxa7 Rxc4 33. Be3 Rxe4 34. Bg2 Rc4 35. Bd5 Rd4 36. Bxd4 exd4 37. Bxf7+ Kh8 38. Bxe8 c4 39. Rc7 c3 40. Rxg7 Kxg7 41. Rxd4 Ne6 42. Rc4 Nd4 43. Kf1 c2 44. Ba4 Nf3 45. h3 Nd2+ 46. Ke2 Nxc4 47. Bxc2 Nd6 48. Ke3 Kf6 49. Bd3 Nf7 50. Kd4 Ng5 51.
h4 Ne6+ 52. Ke3 h6 53. Bc4 Ng7 54. g4 Ne8 55. f4 g5 56. fxg5+ hxg5 57. h5 Kg7 58. Kd4 Nf6 59. Be6 Nxh5 60. gxh5 g4 61. Bxg4 Kh8 62. Ke4 Kg8 63. Kf5 Kh8 64. Kg5 Kg8 65.
Kf6 Kh8 66. Kf7 Kh7 67. Kf6 Kh8 68. Kf7 Kh7 69. Kf8 Kh8 70. Ke7 Kh7 71. Kf6 Kh8 1/2-1/2

[Event "*** Titled Tuesday Blitz"]
[Site "Chess.com"]
[Date "2019.08.06"]
[Round "9"]
[White "Bathory44"]
[Black "Gareth-Bale11"]
[Result "1-0"]
[WhiteElo "2604"]
[BlackElo "2732"]
[TimeControl "180+2"]
[EndTime "15:10:58 PDT"]
[Termination "Bathory44 won by checkmate"]

1. e4 c5 2. c3 Nf6 3. e5 Nd5 4. d4 cxd4 5. Nf3 Nc6 6. cxd4 d6 7. Bc4 Nb6 8. Bb5 Bg4 9. h3 Bxf3 10. Qxf3 d5 11.
Bg5 h6 12. Bh4 Qd7 13. O-O e6 14. Qg4 h5 15. Qf3 Rc8 16. Nd2 Be7 17. Bxe7 Qxe7 18. Rac1 Qg5 19. Qe3 Qxe3 20. fxe3 Ke7 21. Bxc6 Rxc6 22.
Rxc6 bxc6 23. Rc1 Rc8 24. Rc5 f6 25. exf6+ gxf6 26. Kf2 Kd6 27. Ra5 Rc7 28. b3 e5 29.
Nf3 Nd7 30. Ra6 Nf8 31. Nh4 Ke6 32. g4 hxg4 33. hxg4 Nh7 34. Nf5 Ng5 35. b4 Ne4+ 36. Kf3 Kd7 37. a3 Rb7 38. Ng3 Nd2+ 39. Ke2 Nc4 40.
Kd3 Kc7 41. e4 Nd6 42. exd5 cxd5 43. Nf5 Ne4 44. Ne7 Rb5 45. Rxa7+ Kd6 46. Nf5+ Kc6 47. Ra6+ Kb7 48. Re6 Kc7 49. Re7+ Kd8 50. Rf7 Rb6 51.
Rf8+ Kd7 52. Rf7+ Ke8 53. Re7+ Kd8 54. dxe5 fxe5 55. Rxe5 Nf2+ 56. Kd4 Nxg4 57. Rxd5+ Kc7 58. Rc5+ Kb7 59. Ne3 Nf2 60. Nd5 Rh6 61. Rb5+ Ka6 62. Ra5+ Kb7 63. Rb5+ Ka6 64. Rb8 Rh4+ 65. Kc5 Nd3+ 66.
Kc6 Rh6+ 67. Kd7 Ne5+ 68. Kc8 Rc6+ 69. Nc7+ Ka7 70. Rb7# 1-0

[Event "*** Titled Tuesday Blitz"]
[Site "Chess.com"]
[Date "2019.08.06"]
[Round "9"]
[White "canwedoit"]
[Black "riconaipe"]
[Result "0-1"]
[WhiteElo "2422"]
[BlackElo "2460"]
[TimeControl "180+2"]
[EndTime "15:11:03 PDT"]
[Termination "riconaipe won by checkmate"]

1. d4 d5 2. Bf4 e6 3. e3 Bd6 4. Bg3 Nf6 5. Nd2 O-O 6. Bd3 b6 7. Ngf3 Bb7 8. Ne5 c5 9. c3 Nc6 10. f4 Ne7 11. O-O Ng6 12. Qf3 Nd7 13. Rae1 f5 14. Qh5 Nf6 15. Qe2 Ne4 16. Nxe4 fxe4 17.
Bc2 a5 18. Nxg6 hxg6 19. Qg4 Qf6 20. Bh4 Qf5 21. Qe2 Ba6 22. Qd1 Bxf1 23. Rxf1 Qh5 24. Qe1 cxd4 25. cxd4 Rac8 26. Bd1 Qf5 27. Qg3 Rc1 28.
Bg5 e5 29. dxe5 Bxe5 30. Bg4 Rxf1+ 31. Kxf1 Qf7 32. Qh3 Re8 33. Bd7 Bxb2 34. Qg4 Bf6 35. Bxe8 Qxe8 36. Bxf6 gxf6 37. h4 Qb5+ 38. Kg1 Kf7 39.
f5 gxf5 40. Qxf5 Qd3 41. Qd7+ Kg6 42. Qg4+ Kf7 43. Qf4 d4 44. Qc7+ Kg6 45. Qg3+ Kf7 46.
Qc7+ Kg6 47. Qg3+ Kh5 48. Kh1 dxe3 49. Qf4 e2 50. Qf5+ Kxh4 51. Qf4+ Kh5 52. Qf5+ Kh4 53. Qxf6+ Kg4 54. Qg6+ Kf4 55. Qf6+ Ke3 56. Qg5+ Kf2 57. Qf4+ Ke1 58. Kg1 Kd1 59. Qg4 Qe3+ 60. Kh2 Kc2 61. Qc8+ Qc3 62. Qg4 e1=Q 63. Qg5 Qee3 64. Qh5 Qg3+ 65.
Kh1 Qce1# 0-1

[Event "*** Titled Tuesday Blitz"]
[Site "Chess.com"]
[Date "2019.08.06"]
[Round "9"]
[White "VeraNebolsina"]
[Black "Saitama_Hero"]
[Result "1-0"]
[WhiteElo "2406"]
[BlackElo "2342"]
[TimeControl "180+2"]
[EndTime "15:11:05 PDT"]
[Termination "VeraNebolsina won on time"]

1. e4 d6 2. d4 Nf6 3. Nc3 c6 4. Nf3 Bg4 5. Be2 e6 6. Be3 Be7 7. Nd2 Bxe2 8. Qxe2 d5 9. e5 Nfd7 10. Qg4 g6 11. Bh6 c5 12. dxc5 Nxe5 13. Qe2 Nbc6 14. Bg7 Bf6 15. Bxh8 Bxh8 16. O-O Nd4 17. Qd1 Qh4 18.
h3 Qf4 19. Ne2 Qxd2 20. Nxd4 Qf4 21. c3 O-O-O 22. Qa4 Nc6 23. g3 Qc7 24. Nb5 Qb8 25.
Nd6+ Rxd6 26. cxd6 Qxd6 27. b4 Kb8 28. b5 Ne5 29. b6 axb6 30. Qe8+ Ka7 31. Qxh8 d4 32. f4 Nc6 33. cxd4 Nxd4 34. Qe5 Qa3 35. f5 Qb2 36.
Rae1 gxf5 37. Rf2 Qc3 38. Re3 Qc1+ 39. Kh2 Nc6 40. Qc3 Qb1 41. Qa3+ Kb8 42. Qf8+ Ka7 43. Ra3+ Na5 44. Qxf7 Qb4 45. Raf3 Nc6 46. Qxh7 Nd4 47. Re3 Qc5 48. Qh6 e5 49. Qg5 e4 50. Qf4 Ne6 51. Qxf5 Qxe3 52. Rg2 Nd4 53. Qf1 Nf3+ 54. Kh1 Qh6 55. h4 Qe6 56. Re2 Qg4 57. Qg2 Qf5 58.
Re3 Qd5 59. Qf1 Qd2 60. Qe2 Qc1+ 61. Kg2 Qg1+ 62. Kh3 Qh1+ 63. Kg4 Nd4 64. Qe1 Qg2 65. Rxe4 Nc6 66. Rf4 Qd5 67. Kh3 Ne5 68. Rf5 1-0